 Dungeon Crawl Stone Soup version 0.27.1-4-g1640c2035a (webtiles) character file.

Game seed: 6965357618785631776

34 zeram the Caller (level 3, -4/19 HPs)
             Began as a Deep Elf Summoner on Nov 18, 2021.
             Slain by a goblin (6 damage)
             ... led by Robin
             ... on level 2 of the Dungeon.
             The game lasted 00:03:39 (2177 turns).

zeram the Caller (Deep Elf Summoner)                Turns: 2177, Time: 00:03:40

Health: -4/19      AC:  2    Str:  5    XL:     3   Next: 14%
Magic:  2/9        EV: 13    Int: 20    God:
Gold:   92         SH:  0    Dex: 15    Spells: 5/8 levels left

rFire    . . .     SeeInvis .   b - +0 dagger
rCold    . . .     Faith    .   (no shield)
rNeg     . . .     Spirit   .   a - +0 robe
rPois    .         Reflect  .   (no helmet)
rElec    .         Harm     .   (no cloak)
rCorr    .         Rampage  .   (no gloves)
Will     .....                  (no boots)
Stlth    ++........             (no amulet)
HPRegen  0.06/turn              (no ring)
MPRegen  0.11/turn              (no ring)

@: no status effects
A: no striking features
a: no special abilities


You were on level 2 of the Dungeon.
You visited 1 branch of the dungeon, and saw 2 of its levels.

You collected 92 gold pieces.

Inventory:

Hand Weapons
 b - a +0 dagger (weapon)
Armour
 a - a +0 robe (worn)
Potions
 c - a potion of heal wounds {unknown}
 d - a potion of curing {unknown}
 e - a potion of degeneration {unknown}
 f - a potion of resistance {unknown}


   Skills:
 + Level 0.7 Short Blades
 + Level 2.9 Dodging
 + Level 2.5 Stealth
 + Level 3.2 Spellcasting
 + Level 5.1 Summonings


You had 5 spell levels left.
You knew the following spells:

 Your Spells              Type           Power      Damage    Failure   Level
a - Summon Small Mammal   Summ           92%        N/A       1%          1
b - Call Imp              Summ           23%        N/A       2%          2

Your spell library contained the following spells:

 Spells                   Type           Power      Damage    Failure   Level
 Call Canine Familiar     Summ           23%        N/A       5%          3
 Summon Guardian Golem    Hex/Summ       13%        N/A       14%         3
 Summon Lightning Spire   Summ/Air       13%        N/A       43%         4


Dungeon Overview and Level Annotations

Branches:
Dungeon (2/15)

Altars:

Shops:
D:1 =:

Annotations:
D:2 Robin


Message History

The hobgoblin hits your quokka.
Your quokka dies!
Your quokka's corpse disappears in a puff of smoke!
The goblin hits your crimson imp with a +0 club.
Your crimson imp hits the goblin.
You hit the goblin.
You kill the goblin!
Your quokka barely misses the hobgoblin.
The hobgoblin closely misses your quokka.
The goblin closely misses your crimson imp.
Your crimson imp hits the goblin.
The goblin dies!
The hobgoblin misses your quokka. The goblin closely misses you.
Robin hits your quokka with a +0 short sword.
Your quokka dies!
Your quokka's corpse disappears in a puff of smoke!
Things that are here:
a +0 club; a goblin corpse Your crimson imp disappears in a puff of smoke!
Casting: Summon Small Mammal (safe; 1% risk of failure)
Confirm with . or Enter, or press ? or * to list all spells.
The goblin barely misses you. The goblin barely misses your bat.
Your bat misses the goblin. Your bat misses the goblin.
Your bat closely misses the goblin.
The goblin hits your bat with a +0 dagger.
Your bat hits the goblin.
A dart slug comes into view.
Your bat hits the hobgoblin but does no damage.
The hobgoblin closely misses your bat.
The dart slug moves out of view.
Your bat hits the goblin.
The goblin hits your bat with a +0 dagger.
Your bat dies!
Your bat's corpse disappears in a puff of smoke!
Robin throws the goblin at you! The goblin hits you but does no damage.
The hobgoblin no longer looks unusually strong.
Robin roars a battlecry!
The hobgoblin goes into a battle-frenzy!
The hobgoblin misses your crimson imp. The goblin hits you with a +0 dagger.
You die...

######## ...# ####......# ...# #
#.........# ...# #
#.........###...#
#####...[.....#.....
#.).#....5....#...#
§.#......gg§..#...#####
###.#.#.##..g...g.....### #
#.#.#.###.....@.......# ### #
#.#.#.##............#.# #.#
..#.#..#....##......#.###.#
...##.##.#....##......#'#...# #
..##...#.#....##....w....##.# .#
. #.#.#................>...###.#
..##.#.###....###...#....#.......
#..#..# #...#÷...#..#.##.
.##.###.## ######.......#....


You could see Robin (ally target), a dart slug (wandering), 2 hobgoblins, a
goblin (strong) and a friendly crimson imp (summoned).

Vanquished Creatures
  An endoplasm (D:2)
  A giant cockroach (D:1)
  2 goblins (D:2)
  A hobgoblin (D:2)
  A jackal (D:1)
  A kobold (D:1)
  A ball python (D:1)
  4 bats
  2 frilled lizards
  2 rats
16 creatures vanquished.

Vanquished Creatures (collateral kills)
  2 dart slugs (D:1)
  A worm (D:2)
  2 bats (D:1)
  2 giant cockroaches (D:1)
  6 goblins
  A hobgoblin (D:2)
  A kobold (D:1)
  2 frilled lizards (D:1)
17 creatures vanquished.

Grand Total: 33 creatures vanquished

Notes
Turn   | Place    | Note
-------+----------+-------------------------------------------
     0 | D:1      | zeram the Deep Elf Summoner began the quest for the Orb.
     0 | D:1      | Reached XP level 1. HP: 10/10 MP: 6/6
   577 | D:1      | Found Juokhid's Book Boutique.
   640 | D:1      | Found a faded altar of an unknown god.
   662 | D:1      | Reached XP level 2. HP: 14/15 MP: 8/8
  1040 | D:1      | Found Udghuixar's Jewellery Emporium.
  1694 | D:2      | Reached skill level 5 in Summonings
  1697 | D:2      | Learned a level 2 spell: Call Imp
  2139 | D:2      | Noticed Robin
  2150 | D:2      | Reached XP level 3. HP: 19/19 MP: 2/9
  2177 | D:2      | Slain by a goblin

Illustrated notes

Levels and vault maps discovered:
D:1:      zelgadis_glass_arrival_small, layout_basic,
          shapermc_ecumenical_altar_starsandcircs, serial_shops, shop_coins,
          nicolae_shop_waterfront, st_stairs_3
D:2:      minmay_general_purpose_star, layout_basic, uniq_robin

Skill      XL: |  1  2 |
---------------+-------+-----
Summonings     | 5 |  5.1
Short Blades   | |  0.7
Dodging        | |  2.9
Stealth        | |  2.5
Spellcasting   | |  3.2

Action                   || total
-------------------------++-------
Melee: Dagger            ||    86
       Unarmed           ||     8
 Cast: Summon Small Mamm ||    27
       Call Imp          ||     2
  Use: Scroll            ||     1
 Stab: Sleeping          ||     2
Armor: Robe              ||    38
Dodge: Dodged            ||   108
